 Dungeon Crawl Stone Soup version 0.26.1-11-gd32895ea62 (webtiles) character file.

Game seed: 15791559051672354084

35 Zeld the Skirmisher (level 3, -2/27 HPs)
             Began as an Octopode Monk on May 18, 2021.
             Slain by Sigmund
             ... wielding a +0 scythe
              (14 damage)
             ... on level 2 of the Dungeon.
             The game lasted 00:02:30 (1720 turns).

Zeld the Skirmisher (Octopode Monk)                 Turns: 1720, Time: 00:02:31

Health: -2/27      AC:  1    Str: 10    XL:     3   Next: 35%
Magic:  3/3        EV: 15    Int: 12    God:
Gold:   65         SH:  0    Dex: 15    Spells: 2/2 levels left

rFire    . . .     SeeInvis .     - Unarmed
rCold    . . .     Faith    .   (no shield)
rNeg     . . .     Spirit   .   (helmet restricted)
rPois    .         Reflect  .   (no amulet)
rElec    .         Harm     .   (no ring)
rCorr    .         Rampage  .   (no ring)
Will     .....                  (no ring)
Stlth    ++........             (no ring)
HPRegen  0.09/turn              (no ring)
MPRegen  0.08/turn              (no ring)
                                (no ring)
                                (no ring)

@: confused
A: almost no armour, stealthy swim, amphibious, 8 rings, constrict 8, camouflage
1, gelatinous body 1
a: no special abilities


You were on level 2 of the Dungeon.
You visited 1 branch of the dungeon, and saw 2 of its levels.

You collected 65 gold pieces.

Inventory:

Scrolls
 a - 4 scrolls of teleportation {unknown}
 b - a scroll of immolation {unknown}
 d - 4 scrolls of identify {unknown}
 g - a scroll of magic mapping {unknown}
 h - a scroll of noise {unknown}
 i - a scroll of amnesia {unknown}
Potions
 c - 2 potions of magic {unknown}
 e - 2 potions of resistance {unknown}
 f - 2 potions of heal wounds {unknown}
 j - a potion of curing {unknown}


   Skills:
 * Level 3.7 Fighting
 * Level 3.7 Dodging
 - Level 2.6 Stealth
 - Level 3.0 Unarmed Combat


You had 2 spell levels left.
You didn't know any spells.
Your spell library was empty.

Dungeon Overview and Level Annotations

Branches:
Dungeon (2/15)

Altars:
Elyvilon

Annotations:
D:2 Sigmund


Innate Abilities, Weirdness & Mutations

You cannot wear most types of armour.
You are very stealthy in the water. (Stealth+)
You are amphibious.
You can wear up to eight rings at the same time.
You can use your tentacles to constrict eight enemies at once.
Your skin changes colour to match your surroundings (Stealth+).
Your rubbery body absorbs attacks. (AC +1, EV +1)


Message History

You are confused.
You are too confused!
You are too confused!
You are too confused!
You tentacle-slap Sigmund.
Sigmund is lightly wounded.
You constrict Sigmund. Sigmund closely misses you.
You bump into the rock wall.
You constrict Sigmund, but do no damage.
You bump into the rock wall.
You constrict Sigmund. Sigmund closely misses you.
You release your grip on Sigmund.
Sigmund misses you.
Sigmund points at you and mumbles some strange words.
You are more confused.
You're too confused to move!
Sigmund hits you from afar with a +0 scythe!
Ouch! That really hurt!
Sigmund completely misses you. Sigmund hits you with a +0 scythe!
Ouch! That really hurt!
You die...

#########)........
#.................
#................. ##
#........####'#### ..
+........#........ .
##........#........ #
#.#<###.#####...)....
###.#.#.....#####........
........@................
#.....#@..#...##.........
#..............#'###+####
#....####.####.........#
#... ##.....##......)..#
... #....†..#.........# .
#....[..#.........#
......._.....).......#
..#.#.......#......÷..#


You could see Sigmund.

Vanquished Creatures
  A dart slug (D:2)
  A leopard gecko (D:2)
  A giant cockroach (D:1)
  2 goblins
  10 hobgoblins
  5 bats
  3 frilled lizards
  4 kobolds (D:1)
  2 rats (D:1)
29 creatures vanquished.

Notes
Turn   | Place    | Note
-------+----------+-------------------------------------------
     0 | D:1      | Zeld the Octopode Monk began the quest for the Orb.
     0 | D:1      | Reached XP level 1. HP: 16/16 MP: 1/1
   272 | D:1      | Reached XP level 2. HP: 15/21 MP: 2/2
   942 | D:1      | Reached XP level 3. HP: 26/26 MP: 3/3
  1329 | D:2      | Noticed Sigmund
  1332 | D:2      | Found a white marble altar of Elyvilon.
  1720 | D:2      | Slain by Sigmund

Illustrated notes

Levels and vault maps discovered:
D:1:      beargit_arrival_greenhouse, layout_loops_ring, minmay_misc_feat_room,
          minmay_bisected
D:2:      layout_basic, nicolae_ru_path_of_blood, lemuel_round_altar,
          old_standard_altar, chequers_ecumenical_altar_grove,
          okawaru_gym_becter, uniq_sigmund

Action                   || total
-------------------------++-------
Melee: Unarmed           ||    59
       Constrict         ||    21
       Tentacles         ||    10
       Punch             ||     1
 Stab: Sleeping          ||     9
Armor: Skin              ||    12
Dodge: Dodged            ||    38
